 Dungeon Crawl Stone Soup version 0.29-a0-577-gafbf2c5d25 (webtiles) character file.

Game seed: 16933387450872040980

69 DocClef the Sneak (level 4, 0/40 HPs)
             Began as a Draconian Delver on June 13, 2022.
             Slain by an orc wizard
             ... wielding a +0 dagger
              (2 damage)
             ... on level 4 of the Dungeon.
             The game lasted 00:00:37 (154 turns).

DocClef the Sneak (Draconian Delver)                 Turns: 154, Time: 00:00:38

Health: 0/40       AC:  5    Str: 17    XL:     4   Next: 2%
Magic:  4/4        EV: 12    Int: 10    God:
Gold:   12         SH:  0    Dex: 12    Spells: 3/3 levels left

rFire   . . .      SeeInvis .   d - +0 dire flail (protect)
rCold   . . .      Faith    .   (shield currently unavailable)
rNeg    . . .      Spirit   .   (body armour unavailable)
rPois   .          Reflect  .   (helmet restricted)
rElec   .          Harm     .   (no cloak)
rCorr   .          Rampage  .   (no gloves)
Will    .....                   (no boots)
Stlth   +.........              (no amulet)
HPRegen 0.13/turn               (no ring)
MPRegen 0.09/turn               (no ring)

@: confused
A: AC +5, unfitting armour, cold-blooded
a: no special abilities


You were on level 4 of the Dungeon.
You visited 1 branch of the dungeon, and saw 2 of its levels.

You collected 12 gold pieces.

Inventory:

Hand Weapons
 a - a +0 short sword
 d - a +0 dire flail of protection (weapon)
Wands
 f - a wand of digging (3)
Scrolls
 b - a scroll of fog
 c - a scroll of magic mapping
 g - a scroll of poison {unknown}
Potions
 e - a potion of haste


   Skills:
 + Level 3.9 Fighting
 + Level 2.7 Short Blades
 + Level 2.4 Dodging
 + Level 4.9 Stealth


You had 3 spell levels left.
You didn't know any spells.
Your spell library was empty.

Dungeon Overview and Level Annotations

Branches:
Dungeon (5/15)
 Temple: D:4-7

Altars:


Innate Abilities, Weirdness & Mutations

Your plain brown scales are hard. (AC +5)
You cannot fit into any form of body armour.
You are cold-blooded and may be slowed by cold attacks.


Message History

The hound is moderately wounded.
The hound barely misses you. The hound misses you.
The orc wizard mumbles some strange words.
The orc wizard flickers and vanishes!
Deactivating autopickup; reactivate with Ctrl-A.
You thump the hound!
Your weapon exudes an aura of protection.
The hound is almost dead.
The hound closely misses you. The hound misses you.
The orc wizard casts a spell.
The orc wizard flickers and vanishes!
You closely miss the hound.
The hound is almost dead.
The hound barely misses you. The hound bites you but does no damage.
You barely miss the hound.
The hound is almost dead.
The hound closely misses you. The hound bites you but does no damage.
Unknown command.
You puncture the hound!
Your weapon exudes an aura of protection.
You kill the hound!
You hear some strange, mumbled words.
A puff of flame appears from out of thin air!
The puff of flame hits you!
* * * LOW HITPOINT WARNING * * *
A magic dart appears from out of thin air!
The magic dart hits you but does no damage.
You have reached level 4!
You feel stronger.
Okay, then.
Unknown command.
Something hits you but does no damage. x2
Items here: ( )) [ †††.
You closely miss something.
You hear some strange, mumbled words.
You are confused.
Something hits you but does no damage.
Unknown command.
You miss something.
Your tail-slap misses something.
Something hits you.
You die...

#............
#............
#........h...
#............
#............ #.
#............ ..#.#
####.######## #.#.#
####{....$.)
#.#.###..@{o......
####.#.....###.......
.......#...# .......
##...#.#.#.###.####
#.........# .#
#...####### ## #....#
###.## #>#


You could see an orc.

Vanquished Creatures
  A hound (D:4)
  An orc wizard (D:4)
  An iguana (D:4)
  An adder (D:4)
  A dart slug (D:4)
  A kobold (D:4)
6 creatures vanquished.

Notes
Turn   | Place    | Note
-------+----------+-------------------------------------------
     0 | D:5      | DocClef the Draconian Delver began the quest for the Orb.
     0 | D:5      | Reached XP level 1. HP: 19/19 MP: 1/1
    53 | D:5      | Noticed a scorpion
   113 | D:4      | Noticed an iguana
   114 | D:4      | Noticed an orc wizard
   114 | D:4      | Noticed an orc wizard
   114 | D:4      | Noticed an orc wizard
   115 | D:4      | Noticed a hound
   127 | D:4      | Reached XP level 2. HP: 21/26 MP: 2/2
   134 | D:4      | Reached XP level 3. HP: 12/33 MP: 3/3
   151 | D:4      | HP: 1/33 [something/puff of flame (8)]
   152 | D:4      | Reached XP level 4. HP: 1/40 MP: 4/4
   154 | D:4      | Slain by an orc wizard

Illustrated notes

Levels and vault maps discovered:
D:4:      layout_basic, chequers_ossuary_entry_cave,
          chequers_serial_rivers_micro_e, chequers_avenue
D:5:      layout_loops_ring, nicolae_uskayaw_murder_on_the_dancefloor,
          nicolae_elevator_lobby_asterisk

Skill      XL: |  1 |
---------------+----+-----
Dodging        | 2 |  2.4
Fighting       | |  3.9
Short Blades   | |  2.7
Stealth        | |  4.9

Action                   |  1- 3 |  4- 6 || total
-------------------------+-------+-------++-------
Melee: Dire flail        |    30 |     2 ||    32
       Short sword       |     4 |       ||     4
       Tailslap          |     5 |       ||     5
       Punch             |     1 |       ||     1
  Use: Scroll            |     1 |       ||     1
Armor: Skin              |    20 |     3 ||    23
Dodge: Dodged            |    27 |       ||    27

Table legend: (Time is in decaauts)
 A = Elapsed time spent in this place.
 B = Non-inter-level travel time spent in this place.
 C = Inter-level travel time spent in this place.
 D = Time resting spent in this place.
 E = Time spent auto-exploring this place.
 F = Levels seen in this place.
 G = Mean time per level.
                   A        B        C        D        E       F      G
               +--------+--------+--------+--------+--------+-----+--------+
         Total |    162 |    125 |     37 |      0 |     50 |   2 |   81.0 |
       Dungeon |    162 |    125 |     37 |      0 |     50 |   2 |   81.0 |
               +--------+--------+--------+--------+--------+-----+--------+

Top non-repeatable levels by time:
     D:5: 94 daAuts
     D:4: 68 daAuts
